 Dungeon Crawl Stone Soup version 0.31.0-32-g396128a36d (webtiles) character file.

Game seed: 8584127354509314224

6460 spaghetti the Basher (level 11, -1/99 HPs)
             Began as a Naga Berserker on Mar 25, 2024.
             Was a Follower of Trog.
             Slain by a vampire (9 damage)
             ... on level 11 of the Dungeon.
             The game lasted 00:10:34 (10564 turns).

spaghetti the Basher (Naga Berserker)              Turns: 10564, Time: 00:10:34

Health: -1/99      AC: 11    Str: 24    XL:     11   Next: 0%
Magic:  20/20      EV:  4    Int:  8    God:    Trog [*.....]
Gold:   435        SH: 13    Dex: 10    Spells: 10/10 levels left

rFire   . . .        d - +1 trident (venom)
rCold   . . .        g - +0 tower shield
rNeg    . . .        k - +0 plate armour
rPois   +            y - +0 hat
rElec   .            (no cloak)
rCorr   .            (no gloves)
SInv    +            (no barding)
Will    ++...        (no amulet) Stlth
                     h - ring of magical power
HPRegen 0.36/turn    A - ring of willpower
MPRegen 0.17/turn

%: no passive effects
@: about to teleport, on berserk cooldown, slowed, very slow
A: AC +3, large, see invisible, deformed body, poison resistance, slowness 2,
spit poison 1, naga tail 1
a: Spit Poison, Renounce Religion, Berserk


You were on level 11 of the Dungeon.
You worshipped Trog.
Trog was aware of your devotion.
You visited 1 branch of the dungeon, and saw 11 of its levels.

You collected 435 gold pieces.

Inventory:

Hand Weapons
 c - a +2 mace of flaming
 d - a +1 trident of venom (weapon)
 m - a +0 broad axe
 o - a +0 whip of holy wrath
Missiles
 w - 3 throwing nets
Armour
 g - a +0 tower shield (worn)
 k - a +0 plate armour (worn)
 x - +0 steam dragon scales
 y - a +0 hat (worn)
Jewellery
 h - a ring of magical power (left hand)
 l - a ring of magical power
 A - a ring of willpower (right hand)
Wands
 t - a wand of polymorph (3)
 u - a wand of quicksilver (8)
 D - a wand of charming (1)
Scrolls
 a - a scroll of identify
 e - 3 scrolls of noise
 n - a scroll of vulnerability
 p - 3 scrolls of fog
 q - 2 scrolls of silence
 s - a scroll of amnesia
 v - 3 scrolls of immolation
 B - a scroll of poison
 C - a scroll of enchant weapon {unknown}
Potions
 b - a potion of curing
 f - a potion of attraction
 i - 2 potions of brilliance
 j - 3 potions of haste
 r - a potion of berserk rage


   Skills:
 + Level 6.9 Fighting
 - Level 8.0 Maces & Flails
 + Level 6.5 Armour
 + Level 6.5 Dodging
 + Level 6.9 Shields


You had 10 spell levels left.
You didn't know any spells.
Your spell library was empty.

Dungeon Overview and Level Annotations

Branches:
Dungeon (11/15)            Temple (0/1) D:4            Lair (0/5) D:10
    Orc: D:9-12

Altars:
Ashenzari
Dithmenos
Elyvilon
Fedhas
Kikubaaqudgha
Okawaru
Qazlal
Ru
Sif Muna
Trog
Uskayaw
Wu Jian
Xom
Yredelemnul
Zin

Shops:
D:5 (   D:11 *


Innate Abilities, Weirdness & Mutations

Your serpentine skin is tough. (AC +3)
You have supernaturally acute eyesight. (SInv)
Armour fits poorly on your strangely shaped body.
Your system is resistant to poisons. (rPois)
You cover ground very slowly.
You can spit poison.
You have a snake-like lower body.


Message History

You hit the vampire but do no damage.
The vampire is heavily damaged.
You block the vampire's attack. The vampire bites you!
The vampire draws strength from your injuries!
You puncture the vampire!
The vampire is almost destroyed.
The vampire draws life force from you!
The vampire is healed by the life force!
You puncture the vampire!
The vampire is almost destroyed.
The vampire draws life force from you!
* * * LOW HITPOINT WARNING * * *
The vampire is healed by the life force!
You closely miss the vampire.
The vampire is severely damaged.
The vampire hits you.
* * * LOW HITPOINT WARNING * * *
The vampire bites you but does no damage.
You closely miss the vampire.
The vampire is severely damaged.
The vampire hits you.
* * * LOW HITPOINT WARNING * * *
The vampire bites you but does no damage.
You closely miss the vampire.
The vampire is severely damaged.
The vampire draws life force from you!
* * * LOW HITPOINT WARNING * * *
The vampire is healed by the life force!
You closely miss the vampire.
The vampire is moderately damaged.
You are no longer berserk.
You are exhausted.
You feel yourself slow down. The vampire hits you.
* * * LOW HITPOINT WARNING * * *
The vampire barely misses you.
As you read the scroll of teleportation, it crumbles to dust.
You feel strangely unstable.
The vampire hits you but does no damage.
The vampire bites you!
You die...

....# #########..#...
#...# #..#... #...#
#..#### #...# #......
#...# #....>.
#...###########......
#....................
#...#######..........
#...@V....#..........
.......#.....#..........
####...#.....#########..
+...+....... #..
#...#....... #..
#...#....... #..
#..##....... #.. ...
....... #.. #..


You could see a vampire (invisible).

Vanquished Creatures
  Maggie (D:10)
  2 hornets (D:8)
  2 polar bears (D:10)
  A troll (D:10)
  2 shadows
  A wraith (D:9)
  A wyvern (D:8)
  4 steam dragons
  6 yaks
  2 acid dragons
  A black bear (D:5)
  3 sky beasts
  3 orc warriors
  A weeping skull (D:6)
  7 centaurs
  3 kobold brigands
  3 bullfrogs
  2 gnoll sergeants
  A wight (D:8)
  3 killer bees (D:8)
  A bombardier beetle (D:5)
  4 howler monkeys
  2 hounds
  2 orc priests (D:7)
  A gnoll bouda (D:8)
  5 jellies
  Jessica (D:2)
  2 iguanas
  8 orc wizards
  6 adders
  5 gnolls (D:7)
  2 shadow imps (D:7)
  4 white imps
  2 ufetubi (D:5)
  6 dart slugs
  4 ribbon worms
  24 orcs
  An endoplasm (D:2)
  7 goblins
  7 hobgoblins
  3 jackals (D:1)
  14 kobolds
  4 ball pythons
  3 bats
  5 frilled lizards
  5 rats
  A spectral orc (D:6)
178 creatures vanquished.

Notes
Turn   | Place    | Note
-------+----------+-------------------------------------------
     0 | D:1      | spaghetti the Naga Berserker began the quest for the Orb.
     0 | D:1      | Reached XP level 1. HP: 21/21 MP: 1/1
     2 | D:1      | Noticed an armataur
     4 | D:1      | Noticed a draconian
     6 | D:1      | Noticed a demonspawn
     6 | D:1      | Noticed a tengu
     8 | D:1      | Noticed an elf
     8 | D:1      | Noticed a barachi
    10 | D:1      | Noticed an octopode
    10 | D:1      | Noticed a demigod
    12 | D:1      | Noticed a gargoyle
    12 | D:1      | Noticed a vine stalker
    14 | D:1      | Noticed a troll
    14 | D:1      | Noticed a formicid
    16 | D:1      | Noticed a vampire
    16 | D:1      | Noticed a djinni
    18 | D:1      | Noticed a merfolk
    20 | D:1      | Noticed a spriggan
    22 | D:1      | Noticed an oni
    22 | D:1      | Noticed a felid
    24 | D:1      | Noticed a naga
    24 | D:1      | Noticed a human
    26 | D:1      | Noticed a minotaur
    26 | D:1      | Noticed a ghoul
    59 | D:1      | Reached XP level 2. HP: 3/28 MP: 2/2
   247 | D:1      | You fall into a shaft and drop 1 floor!
   420 | D:2      | Reached skill level 4 in Maces & Flails
   425 | D:2      | Reached XP level 3. HP: 30/34 MP: 3/3
   557 | D:2      | Noticed Jessica
   565 | D:2      | Killed Jessica
   977 | D:2      | Reached XP level 4. HP: 40/42 MP: 4/4
  1220 | D:2      | Reached skill level 5 in Maces & Flails
  1402 | D:3      | Found a faded altar of an unknown god.
  1437 | D:3      | Reached XP level 5. HP: 45/49 MP: 5/5
  1527 | D:3      | Found a shadowy altar of Dithmenos.
  1529 | D:3      | Reached ** piety under Trog
  2323 | D:4      | Reached skill level 6 in Maces & Flails
  2372 | D:4      | Found a staircase to the Ecumenical Temple.
  2443 | D:4      | Found an ancient bone altar of Kikubaaqudgha.
  2490 | D:4      | Found a shimmering altar of Xom.
  2637 | D:4      | Reached XP level 6. HP: 56/56 MP: 6/6
  2761 | D:5      | Entered Level 5 of the Dungeon
  2943 | D:5      | Noticed an orc warrior
  2952 | D:5      | Killed an orc warrior
  2953 | D:5      | Reached skill level 1 in Shields
  3152 | D:5      | Reached XP level 7. HP: 56/62 MP: 7/7
  3457 | D:5      | Found Xusurof's Antique Weapon Boutique.
  3473 | D:5      | Reached skill level 7 in Maces & Flails
  3984 | D:6      | Found a shimmering blue altar of Sif Muna.
  3984 | D:6      | Found a glowing silver altar of Zin.
  3986 | D:6      | Found a sacrificial altar of Ru.
  3986 | D:6      | Found an ornate altar of the Wu Jian Council.
  3988 | D:6      | Found a broken altar of Ashenzari.
  3989 | D:6      | Found a stormy altar of Qazlal.
  4458 | D:6      | Found a basalt altar of Yredelemnul.
  4473 | D:6      | Reached XP level 8. HP: 69/69 MP: 8/8
  5584 | D:7      | Found an iron altar of Okawaru.
  5806 | D:7      | Reached skill level 8 in Maces & Flails
  5930 | D:8      | Identified the +2 sling of the Mashing Madman {elec,
                  | ^Fragile rF+ rC- Will+++}
  5959 | D:8      | Found a blossoming altar of Fedhas.
  6092 | D:8      | Found a white marble altar of Elyvilon.
  6210 | D:8      | Noticed a wyvern
  6217 | D:8      | Killed a wyvern
  6218 | D:8      | Reached XP level 9. HP: 76/76 MP: 9/9
  6371 | D:8      | HP: 5/114 [poisoned by a killer bee]
  6587 | D:8      | Noticed a hornet
  6609 | D:8      | Killed a hornet
  6834 | D:8      | Noticed a hornet
  6841 | D:8      | Reached skill level 5 in Shields
  6848 | D:8      | Killed a hornet
  6849 | D:8      | Reached skill level 5 in Armour
  6849 | D:8      | Reached skill level 5 in Dodging
  6978 | D:8      | Reached skill level 5 in Fighting
  7395 | D:9      | Reached XP level 10. HP: 87/88 MP: 10/10
  7877 | D:9      | Found a hide-covered altar of Uskayaw.
  8430 | D:10     | Entered Level 10 of the Dungeon
  8548 | D:10     | HP: 4/91 [centaur/arrow (4)]
  8740 | D:10     | Found a bloodstained altar of Trog.
  8759 | D:10     | HP: 3/91 [polar bear (19)]
  8759 | D:10     | HP: 1/91 [polar bear (2)]
  9492 | D:10     | Found a staircase to the Lair.
  9521 | D:10     | Noticed Maggie
  9554 | D:10     | Killed Maggie
 10352 | D:11     | Found Mitutued's General Store.
 10384 | D:11     | Reached XP level 11. HP: 77/99 MP: 11/11
 10564 | D:11     | Slain by a vampire

Illustrated notes

Levels and vault maps discovered:
D:1:      kb_arrival_jail, layout_basic
D:2:      layout_loops_ring, kennysheep_generic_room_16, uniq_jessica
D:3:      layout_rooms, grunt_dithmenos_smoke,
          hellmonk_ecumenical_altar_run_dry, nicolae_hexahallways
D:4:      layout_rooms, nicolae_kikubaaqudgha_miasma_corner,
          regret_index_xom_buried_treasure, minmay_temple_entry_mist
D:5:      layout_loops_cross, nicolae_take_the_stairs, nicolae_titane
D:6:      layout_loops_ring, grunt_temple_overflow_open,
          yredelemnul_forgotten_temple_becter
D:7:      layout_gridville, lemuel_tele_altar, moated_statue, st_stairs_14
D:8:      layout_gridville, overflow_temple_1_default, elyvilon_altar_3,
          minmay_joined_circles
D:9:      layout_loops_ring, nicolae_uskayaw_suspiria, nicolae_eternal_life
D:10:     layout_basic, trog_ov_bears_minmay, lair_entry_dummy, uniq_maggie
D:11:     layout_irregular_city, serial_shops, nicolae_shop_stone, shop, shop

Skill      XL: |  1  2  3  4  5  6  7  8  9 10 |
---------------+-------------------------------+-----
Maces & Flails | 4 5 6 7 8 |  8.0
Armour         | 2 3 4 5 6 |  6.5
Dodging        | 2 3 4 5 6 |  6.5
Shields        | 1 2 4 5 6 |  6.9
Fighting       | 5 6 |  6.9

Action                     |  1- 3 |  4- 6 |  7- 9 | 10-12 || total
---------------------------+-------+-------+-------+-------++-------
  Melee: Mace              |    61 |   188 |   163 |       ||   412
         Punch             |     1 |       |       |       ||     1
         Trident           |       |       |   124 |   234 ||   358
 Invoke: Berserk           |     3 |     3 |    10 |     8 ||    24
         Trog's Hand       |       |       |     7 |     2 ||     9
    Use: Scroll            |       |     6 |    10 |     3 ||    19
         Potion            |       |     7 |    12 |     4 ||    23
 Armour: Animal skin       |    57 |   152 |    38 |       ||   247
         Plate armour      |       |       |   343 |   262 ||   605
  Dodge: Dodged            |    37 |    86 |    48 |    49 ||   220
  Block: Tower shield      |       |    26 |   368 |   216 ||   610
